Map: Acropolis LE

Players

MaNa - Winner!

  • Race: Protoss Protoss
  • Spawn Location: 11:00

Cuddlebear

  • Race: Terran Terran
  • Spawn Location: 5:00

VOD

Have the link to the VOD?

Description

Time

  • Played on: Sept. 7, 2019, 10:42 a.m.
  • Length: 7:05
Show
View Real Time Build Order
Export as new Build Order

MaNa Protoss - Winner!

Build Orders: 1 Gate Expand, Phoenix Opening, Blink Stalkers 

Get SALT Encoding   

  12  0:00  Probe  
  13  0:12  Probe  
  14  0:17  Pylon  
  14  0:24  Probe  
  15  0:32  Probe  
  15  0:38  Gateway  
  15  0:40  Probe  
  16  0:48  Assimilator  
  17  0:51  Probe  
  18  1:03  Probe  
  19  1:21  Nexus  
  19  1:31  Cybernetics Core  
  19  1:34  Probe  
  20  1:41  Assimilator  
  20  1:46  Probe  
  21  1:55  Pylon  
  21  1:58  Probe  
  22  2:03  Adept  
  22  2:10  Probe  
  22  2:13  Warp Gate  
  25  2:20  Probe  
  26  2:28  Probe  
  26  2:33  Sentry  
  26  2:34  Probe  
  26  2:36  Probe  
  30  2:40  Twilight Council  
  31  2:46  Probe  
  31  2:48  Probe  
  33  2:58  Probe  
  33  2:59  Stalker  
  33  3:00  Probe  
  33  3:02  Pylon  
  37  3:11  Probe  
  38  3:13  Probe  
  38  3:16  Blink  
  39  3:23  Probe  
  39  3:25  Probe  
  41  3:31  Gateway  
  41  3:33  Gateway  
  41  3:35  Stalker  
  43  3:45  Probe  
  43  3:46  Probe  
  43  3:48  Robotics Facility  
  45  3:55  Phoenix  
  45  3:57  Pylon, Probe  
  45  3:58  Probe  
  47  4:10  Gateway  
  47  4:12  Pylon  
  47  4:14  Stalker  
  47  4:15  Probe x2  
  51  4:25  Pylon  
  51  4:26  Stalker  
  51  4:27  Probe  
  51  4:30  Probe  
  55  4:36  Stalker  
  55  4:37  Stalker  
  59  4:40  Probe  
  59  4:42  Probe  
  61  4:49  Stalker  
  61  5:09  Probe  
  61  5:10  Probe  
  52  5:16  Stalker x3  
  52  5:18  Probe x2  
  58  5:23  Warp Prism  
  58  5:26  Nexus  
  62  5:29  Pylon  
  62  5:30  Probe x2  
  64  5:39  Stalker x3  
  70  5:50  Probe  
  63  6:02  Probe  
  64  6:05  Stalker x2  
  64  6:06  Stalker  
  66  6:15  Probe x2  
  58  6:27  Probe x2  
  58  6:31  Stalker x3  
  63  6:40  Probe x3  
  63  6:44  Pylon  
  63  6:48  Forge  
  63  6:49  Forge  
  63  6:52  Probe  
  64  6:55  Zealot x3  
Show
View Real Time Build Order
Export as new Build Order

Cuddlebear Terran 

Build Orders: Gas First Reaper Expand, Liberator Opening 

Get SALT Encoding   

  12  0:00  SCV  
  13  0:13  SCV  
  14  0:19  Supply Depot  
  14  0:25  SCV  
  15  0:34  Refinery  
  15  0:41  SCV  
  16  0:46  Barracks  
  16  0:53  SCV  
  17  1:10  SCV  
  18  1:22  SCV  
  19  1:34  Reaper  
  19  1:35  Orbital Command  
  20  1:58  Command Center  
  20  2:00  Factory  
  20  2:04  SCV  
  21  2:10  Barracks Reactor  
  21  2:16  SCV  
  21  2:20  Supply Depot  
  22  2:27  Refinery  
  22  2:28  SCV  
  23  2:42  SCV  
  24  2:51  Starport  
  24  2:54  SCV  
  25  2:59  Hellion x2  
  29  3:07  SCV  
  29  3:11  Liberator, Orbital Command  
  30  3:19  SCV  
  31  3:20  Hellion x2  
  35  3:31  SCV  
  39  3:37  Supply Depot  
  39  3:42  SCV  
  39  3:43  SCV  
  39  3:44  Hellion  
  39  3:48  Hellion  
  45  3:51  Barracks Tech Lab  
  45  3:54  SCV  
  46  3:59  Supply Depot, SCV  
  47  4:08  Bunker  
  47  4:18  SCV  
  47  4:20  SCV  
  49  4:25  Cyclone, Marine x2  
  49  4:30  SCV  
  55  4:39  SCV  
  55  4:42  Marine x2  
  55  4:44  Barracks  
  55  4:45  Engineering Bay  
  58  4:46  Barracks, SCV  
  58  4:47  Supply Depot  
  58  4:51  SCV  
  60  4:58  SCV  
  61  5:00  Marine  
  61  5:01  Marine  
  61  5:03  SCV  
  61  5:08  Siege Tank  
  61  5:10  SCV  
  56  5:15  SCV  
  56  5:18  Marine  
  56  5:19  Marine  
  56  5:20  Refinery  
  55  5:22  SCV  
  55  5:23  Supply Depot, Refinery  
  55  5:27  SCV  
  57  5:31  Barracks Tech Lab  
  57  5:33  Barracks Tech Lab  
  57  5:34  Starport Reactor  
  57  5:36  Marine  
  57  5:37  Marine  
  57  5:38  SCV  
  57  5:40  Siege Tank  
  57  5:41  SCV  
  64  5:43  Barracks x2  
  60  5:54  Marine x2  
  60  5:56  Marine x2  
  57  6:04  Engineering Bay  
  46  6:11  Marine  
  46  6:12  Marine  
  46  6:14  Marine  
  44  6:20  SCV x2  
  42  6:31  Bunker  
  42  6:35  Marine  
  42  6:39  SCV  
  39  6:41  SCV  
Tags
 
Add a new tag
Caveats
  • Supply blocks, unpowered buildings, or Contaminate may cause inaccurate times.
  • Supply counts are checked every 10 seconds.